[Event "77th GEO-ch Women 2020"]
[Site "Tbilisi"]
[Date "2020.07.21"]
[Round "1.1"]
[White "Vakhania, Aleksandra"]
[Black "Khotenashvili, Bela"]
[Result "0-1"]
[ECO "A45"]
[WhiteElo "2138"]
[BlackElo "2458"]
[Annotator "ChessBase"]
[PlyCount "82"]
[EventDate "2020.07.21"]
[EventType "tourn"]
[EventCountry "GEO"]
[SourceTitle "playchess.com"]
[Source "ChessBase"]
[SourceQuality "1"]
[TimeControl "5400+30"]

1. d4 Nf6 2. Bg5 Ne4 3. Bf4 d5 4. f3 Nf6 5. e4 c5 6. Nc3 e6 7. exd5 Nxd5 8. Bb5+ Nc6 9. Nxd5 Qxd5 10. c4 Qxd4 11. Qa4 Qxf4 12. Bxc6+ Ke7 13. Rd1 Qc7 14. Be4 f5 15. Bb1 Kf7 16. Ne2 Bd6 17. Kf2 Bd7 18. Qc2 Bc6 19. h4 Rad8 20. h5 Be5 21. Qc1 Rxd1 22. Rxd1 Rd8 23. b3 Bb2 24. Qc2 Rxd1 25. Qxd1 Qh2 26. Qd2 Bf6 27. Qf4 Qxh5 28. Qc7+ Be7 29. Nf4 Qh4+ 30. Ke2 Qh2 31. Qe5 Bd7 32. Qc7 g5 33. Qxd7 gxf4 34. Kf2 Qh4+ 35. Ke2 Qh1 36. Bd3 Qxg2+ 37. Kd1 Qxf3+ 38. Be2 Qh1+ 39. Kc2 Qe4+ 40. Bd3 Qc6 41. Qxc6 bxc6 0-1

[Event "77th GEO-ch Women 2020"]
[Site "Tbilisi"]
[Date "2020.07.21"]
[Round "1.3"]
[White "Gvetadze, Sofio"]
[Black "Melia, Salome"]
[Result "1-0"]
[ECO "B30"]
[WhiteElo "2308"]
[BlackElo "2370"]
[Annotator "ChessBase"]
[PlyCount "101"]
[EventDate "2020.07.21"]
[EventType "tourn"]
[EventCountry "GEO"]
[SourceTitle "playchess.com"]
[Source "ChessBase"]
[SourceQuality "1"]
[TimeControl "5400+30"]

1. e4 c5 2. Nf3 Nc6 3. c3 d5 4. exd5 Qxd5 5. d4 Bg4 6. Be2 e6 7. O-O Nf6 8. Be3 cxd4 9. cxd4 Be7 10. Nc3 Qd6 11. Qb3 O-O 12. Rad1 Qb4 13. Qc2 Bf5 14. Qc1 Rac8 15. a3 Qa5 16. Qa1 Ne4 17. Nxe4 Bxe4 18. Nd2 Bd5 19. b4 Qa4 20. Rb1 Qc2 21. Rfc1 Qg6 22. Bf3 Rcd8 23. b5 Na5 24. Bxd5 Rxd5 25. Qc3 b6 26. Qc7 Bxa3 27. Re1 Bd6 28. Qxa7 Rb8 29. Rec1 h6 30. Nf3 Nc4 31. Rb3 Nxe3 32. fxe3 Qe4 33. Rf1 Qc2 34. Rbb1 Rf5 35. Qd7 Bf8 36. Ne5 Qe4 37. Rxf5 exf5 38. Qxf7+ Kh7 39. Qg6+ Kg8 40. Rf1 Qxe3+ 41. Kh1 Qxd4 42. Qf7+ Kh7 43. Qxf5+ Kg8 44. Qf7+ Kh7 45. Nd7 Bd6 46. Qf5+ Kh8 47. Nxb8 Qh4 48. Qc8+ Kh7 49. Qc2+ Kh8 50. g3 Qh3 51. Qg2 1-0

[Event "77th GEO-ch Women 2020"]
[Site "Tbilisi"]
[Date "2020.07.21"]
[Round "1.4"]
[White "Khukhashvili, Sopiko"]
[Black "Arabidze, Meri"]
[Result "0-1"]
[ECO "C47"]
[WhiteElo "2339"]
[BlackElo "2428"]
[Annotator "ChessBase"]
[PlyCount "72"]
[EventDate "2020.07.21"]
[EventType "tourn"]
[EventCountry "GEO"]
[SourceTitle "playchess.com"]
[Source "ChessBase"]
[SourceQuality "1"]
[TimeControl "5400+30"]

1. e4 e5 2. Nf3 Nc6 3. Nc3 Nf6 4. d4 exd4 5. Nxd4 Bb4 6. Nxc6 bxc6 7. Bd3 d5 8. exd5 O-O 9. O-O cxd5 10. Bg5 c6 11. Qf3 Bd6 12. h3 Rb8 13. Na4 h6 14. Be3 Ne4 15. Qh5 f5 16. Bxe4 fxe4 17. c4 Rf5 18. Qe2 Qe7 19. cxd5 Qe5 20. g3 cxd5 21. Rfc1 Bd7 22. Nc5 Rxb2 23. Qe1 Bb5 24. Nb3 Rxb3 25. axb3 d4 26. f4 Qf6 27. Bd2 e3 28. Bb4 a6 29. Bxd6 Qxd6 30. b4 Rf8 31. Rc5 Re8 32. Qd1 d3 33. Qh5 e2 34. Kh2 Qd4 35. h4 Qxa1 36. Rxb5 e1=Q 0-1

[Event "77th GEO-ch Women 2020"]
[Site "Tbilisi"]
[Date "2020.07.21"]
[Round "1.5"]
[White "Batsiashvili, Nino"]
[Black "Javakhishvili, Lela"]
[Result "1-0"]
[ECO "D40"]
[WhiteElo "2457"]
[BlackElo "2475"]
[Annotator "ChessBase"]
[PlyCount "83"]
[EventDate "2020.07.21"]
[EventType "tourn"]
[EventCountry "GEO"]
[SourceTitle "playchess.com"]
[Source "ChessBase"]
[SourceQuality "1"]
[TimeControl "5400+30"]

1. d4 Nf6 2. c4 e6 3. Nf3 d5 4. Nc3 c5 5. e3 Nc6 6. cxd5 Nxd5 7. Bc4 cxd4 8. exd4 Be7 9. O-O O-O 10. Re1 b6 11. a3 Nxc3 12. bxc3 Bb7 13. Ba2 Rc8 14. Qd3 Bf6 15. a4 Re8 16. h4 Ne7 17. Ng5 Ng6 18. Bd2 Bxg5 19. Bxg5 Qc7 20. Re3 Nf4 21. Bxf4 Qxf4 22. Rae1 Red8 23. Rg3 Bd5 24. Bb1 f5 25. h5 Rc7 26. Qe2 Qh6 27. Ba2 f4 28. Rh3 Qf6 29. Bxd5 exd5 30. Rf3 Rf7 31. Qd2 g5 32. hxg6 hxg6 33. Re5 Kg7 34. Qe2 Qc6 35. Re6 Qc7 36. Rh3 Rg8 37. Rxg6+ Kf8 38. Rxg8+ Kxg8 39. Qh5 Kf8 40. Qxd5 Qe7 41. Rh8+ Kg7 42. Qh5 1-0

[Event "77th GEO-ch Women 2020"]
[Site "Tbilisi"]
[Date "2020.07.22"]
[Round "2.3"]
[White "Melia, Salome"]
[Black "Khukhashvili, Sopiko"]
[Result "1-0"]
[ECO "B51"]
[WhiteElo "2370"]
[BlackElo "2339"]
[Annotator "RC"]
[PlyCount "65"]
[EventDate "2020.07.21"]
[EventType "tourn"]
[EventCountry "GEO"]
[SourceTitle "playchess.com"]
[Source "ChessBase"]
[SourceQuality "1"]
[TimeControl "5400+30"]

1. e4 c5 2. Nf3 d6 3. Bb5+ Nd7 4. Ba4 Ngf6 5. O-O Rb8 6. c4 g6 7. Nc3 Bg7 8. d3 O-O 9. h3 a6 10. Be3 h6 11. Qd2 Kh7 12. Rab1 Ne8 13. d4 cxd4 14. Bxd4 Qa5 15. b4 Qh5 16. Nd5 Ne5 17. Nxe5 Bxe5 18. Ba7 Ra8 19. Be3 Nf6 20. f4 Nxe4 21. Qd3 Ng3 22. fxe5 dxe5 23. Rb2 b5 24. Bd1 bxc4 25. Qxc4 Nxf1 26. Bxh5 Ng3 27. Bf3 Be6 28. Qc7 e4 29. Qxg3 exf3 30. Nc7 Rad8 31. Nxe6 fxe6 32. gxf3 Rd3 33. Re2 1-0

[Event "77th GEO-ch Women 2020"]
[Site "Tbilisi"]
[Date "2020.07.23"]
[Round "3.1"]
[White "Tsotsonava, Elene"]
[Black "Khotenashvili, Bela"]
[Result "0-1"]
[ECO "C88"]
[WhiteElo "2012"]
[BlackElo "2458"]
[Annotator "ChessBase"]
[PlyCount "82"]
[EventDate "2020.07.21"]
[EventType "tourn"]
[EventCountry "GEO"]
[SourceTitle "playchess.com"]
[Source "ChessBase"]
[SourceQuality "1"]
[TimeControl "5400+30"]

1. e4 e5 2. Nf3 Nc6 3. Bb5 a6 4. Ba4 Nf6 5. O-O b5 6. Bb3 Be7 7. Re1 O-O 8. a4 b4 9. d3 d6 10. a5 Be6 11. Nbd2 Rb8 12. Bc4 Qc8 13. h3 Nd7 14. Nb3 Nd8 15. Bxe6 fxe6 16. Bg5 Bxg5 17. Nxg5 c5 18. Nd2 h6 19. Ngf3 Nc6 20. Nc4 Qc7 21. Nh4 Rf4 22. Ng6 Rf6 23. Qh5 Kh7 24. Nh4 Rbf8 25. Ne3 g5 26. Ng4 gxh4 27. Nxf6+ Rxf6 28. Qxh4 Nd4 29. Rac1 Qd8 30. c3 Nf3+ 31. gxf3 Rg6+ 32. Qg3 Qxa5 33. Kh2 Rxg3 34. fxg3 Qa2 35. Re2 a5 36. f4 b3 37. fxe5 Nxe5 38. d4 Nd3 39. Rf1 a4 40. Rd2 a3 41. Rxd3 axb2 0-1

[Event "77th GEO-ch Women 2020"]
[Site "Tbilisi"]
[Date "2020.07.23"]
[Round "3.4"]
[White "Batsiashvili, Nino"]
[Black "Melia, Salome"]
[Result "0-1"]
[ECO "D35"]
[WhiteElo "2457"]
[BlackElo "2370"]
[Annotator "ChessBase"]
[PlyCount "84"]
[EventDate "2020.07.21"]
[EventType "tourn"]
[EventCountry "GEO"]
[SourceTitle "playchess.com"]
[Source "ChessBase"]
[SourceQuality "1"]
[TimeControl "5400+30"]

1. d4 d5 2. c4 e6 3. Nc3 Nf6 4. cxd5 Nxd5 5. e4 Nxc3 6. bxc3 c5 7. Rb1 Be7 8. Nf3 O-O 9. h4 cxd4 10. cxd4 b6 11. h5 Bb7 12. Bd3 Nc6 13. h6 g6 14. Be2 Rc8 15. a3 Qd6 16. O-O Rfd8 17. Be3 Qxa3 18. Ra1 Qd6 19. Qb1 Qb4 20. Qd3 Bf6 21. Rfd1 Rc7 22. Rab1 Qf8 23. Qb5 Rcd7 24. Qa4 Na5 25. e5 Be7 26. Rbc1 Bd5 27. Nd2 Bb4 28. Bb5 Rb7 29. Rb1 Ba3 30. Ra1 Bb4 31. Rdb1 Bc3 32. Ra3 Rc7 33. Ba6 Bxd2 34. Bxd2 Nc4 35. Rc1 Nb2 36. Rxc7 Nxa4 37. Rxa4 Qe8 38. Ra1 b5 39. Rac1 Bc4 40. Bb4 Rb8 41. Bd6 Qd8 42. Rxa7 Ra8 0-1

[Event "77th GEO-ch Women 2020"]
[Site "Tbilisi"]
[Date "2020.07.23"]
[Round "3.5"]
[White "Javakhishvili, Lela"]
[Black "Arabidze, Meri"]
[Result "1/2-1/2"]
[ECO "E15"]
[WhiteElo "2475"]
[BlackElo "2428"]
[Annotator "ChessBase"]
[PlyCount "64"]
[EventDate "2020.07.21"]
[EventType "tourn"]
[EventCountry "GEO"]
[SourceTitle "playchess.com"]
[Source "ChessBase"]
[SourceQuality "1"]
[TimeControl "5400+30"]

1. d4 Nf6 2. c4 e6 3. Nf3 b6 4. g3 Bb7 5. Bg2 g6 6. Nc3 Bg7 7. Qc2 d5 8. cxd5 exd5 9. O-O O-O 10. Bf4 Na6 11. Rad1 Re8 12. a3 Ne4 13. b4 Nxc3 14. Qxc3 c5 15. bxc5 Nxc5 16. Ne5 Ne6 17. Be3 Bxe5 18. dxe5 d4 19. Bxd4 Bxg2 20. Kxg2 Rc8 21. Qe3 Qd5+ 22. Qf3 Qxf3+ 23. Kxf3 Nxd4+ 24. Rxd4 Rxe5 25. Rfd1 Rc2 26. R1d2 Rxd2 27. Rxd2 Ra5 28. Rd3 Kf8 29. e4 Ke7 30. h4 h5 31. Ke3 Ra4 32. Kf4 Ra5 1/2-1/2

[Event "77th GEO-ch Women 2020"]
[Site "Tbilisi"]
[Date "2020.07.24"]
[Round "4.3"]
[White "Khomeriki, Nino"]
[Black "Batsiashvili, Nino"]
[Result "0-1"]
[ECO "E97"]
[WhiteElo "2319"]
[BlackElo "2457"]
[Annotator "ChessBase"]
[PlyCount "152"]
[EventDate "2020.07.21"]
[EventType "tourn"]
[EventCountry "GEO"]
[SourceTitle "playchess.com"]
[Source "ChessBase"]
[SourceQuality "1"]
[TimeControl "5400+30"]

1. d4 Nf6 2. c4 g6 3. Nc3 Bg7 4. Nf3 O-O 5. e4 d6 6. Be2 e5 7. O-O Nc6 8. Be3 Ng4 9. Bg5 f6 10. Bh4 Nh6 11. dxe5 dxe5 12. Qd5+ Kh8 13. Rfd1 Qe7 14. Qd2 Qf7 15. h3 g5 16. Bg3 g4 17. hxg4 Nxg4 18. Nd5 Rg8 19. b4 a5 20. b5 Bh6 21. Qc3 Nb4 22. Nxf6 Qxf6 23. a3 Bf4 24. axb4 axb4 25. Qxb4 Rxa1 26. Rxa1 Qg7 27. Qc3 Nxf2 28. Nxe5 Nh3+ 29. Kh1 Be6 30. Rf1 Bxg3 31. Ng6+ hxg6 32. Qxg3 Qh6 33. gxh3 Qxh3+ 34. Qxh3+ Bxh3 35. Rf7 Rg7 36. Rf8+ Kh7 37. Kh2 Bd7 38. Kg3 Re7 39. Kf4 Kg7 40. Rd8 b6 41. Bd3 Be6 42. Kg5 Bf7 43. Rd4 Re5+ 44. Kf4 Kf6 45. Ke3 Rc5 46. Kf4 g5+ 47. Ke3 Be6 48. Be2 Ke5 49. Bf1 g4 50. Rd2 Bxc4 51. Bxc4 Rxc4 52. Rd5+ Ke6 53. Kf4 Rc5 54. Rd1 Rxb5 55. Rg1 Rh5 56. Rxg4 b5 57. Rg6+ Kd7 58. e5 b4 59. Rg7+ Kc6 60. e6 Rc5 61. Rd7 Rc1 62. Rd4 Re1 63. Kf5 Kc5 64. Rd3 Kc4 65. Rh3 c5 66. Kf6 b3 67. Rh2 Kc3 68. Rh3+ Kb4 69. e7 b2 70. Rh8 c4 71. Rb8+ Ka3 72. Rb6 Rxe7 73. Kxe7 c3 74. Kd6 c2 75. Ra6+ Kb3 76. Rb6+ Kc3 0-1

[Event "77th GEO-ch Women 2020"]
[Site "Tbilisi"]
[Date "2020.07.24"]
[Round "4.4"]
[White "Vakhania, Alexsandra"]
[Black "Khukhashvili, Sopiko"]
[Result "0-1"]
[ECO "B06"]
[WhiteElo "2138"]
[BlackElo "2339"]
[Annotator "ChessBase"]
[PlyCount "88"]
[EventDate "2020.07.21"]
[EventType "tourn"]
[EventCountry "GEO"]
[SourceTitle "playchess.com"]
[Source "ChessBase"]
[SourceQuality "1"]
[TimeControl "5400+30"]

1. e4 g6 2. f4 c6 3. Nf3 d5 4. d4 dxe4 5. Ng5 Nf6 6. Bc4 e6 7. Nc3 Bg7 8. Ncxe4 Nxe4 9. Nxe4 Qxd4 10. Qe2 O-O 11. c3 Qd8 12. Be3 Nd7 13. Rd1 Qe7 14. O-O b6 15. Bf2 b5 16. Bb3 a5 17. Qf3 a4 18. Bc2 b4 19. Rfe1 Ra5 20. Nd6 Rd5 21. Nxc8 Rxc8 22. Bxa4 bxc3 23. bxc3 Rf5 24. g3 h5 25. Bd4 Bxd4+ 26. Rxd4 Qc5 27. Kg2 Nf6 28. Bc2 Rd5 29. Bb3 Rxd4 30. cxd4 Qxd4 31. Rxe6 c5 32. Qb7 Rf8 33. Qe7 Kg7 34. Rd6 Qb2+ 35. Kh3 Ng4 36. Kh4 Nxh2 37. Qe4 Re8 38. Qd5 Re7 39. f5 Ng4 40. Rxg6+ Kh7 41. Qd8 Nh6 42. Kxh5 Qh2+ 43. Kg5 Qxg3+ 44. Kf6 Qe5+ 0-1

[Event "77th GEO-ch Women 2020"]
[Site "Tbilisi"]
[Date "2020.07.24"]
[Round "4.5"]
[White "Tsotsonava, Elene"]
[Black "Gvetadze, Sofio"]
[Result "0-1"]
[ECO "B80"]
[WhiteElo "2012"]
[BlackElo "2308"]
[Annotator "ChessBase"]
[PlyCount "48"]
[EventDate "2020.07.21"]
[EventType "tourn"]
[EventCountry "GEO"]
[SourceTitle "playchess.com"]
[Source "ChessBase"]
[SourceQuality "1"]
[TimeControl "5400+30"]

1. e4 c5 2. Nf3 e6 3. d4 cxd4 4. Nxd4 Nf6 5. Nc3 d6 6. Bg5 Be7 7. f4 Nc6 8. Qd2 a6 9. O-O-O Qc7 10. Kb1 Bd7 11. Bxf6 gxf6 12. f5 Ne5 13. Be2 h5 14. Qe3 O-O-O 15. Qh3 Kb8 16. fxe6 fxe6 17. Nf5 Bf8 18. Ne3 Bh6 19. Rd4 Bc8 20. Nc4 Nc6 21. Rdd1 d5 22. Nd2 d4 23. Na4 Bxd2 24. Rxd2 Qa5 0-1

[Event "77th GEO-ch Women 2020"]
[Site "Tbilisi"]
[Date "2020.07.25"]
[Round "5.1"]
[White "Gvetadze, Sofio"]
[Black "Khotenashvili, Bela"]
[Result "1/2-1/2"]
[ECO "C77"]
[WhiteElo "2308"]
[BlackElo "2458"]
[Annotator "ChessBase"]
[PlyCount "73"]
[EventDate "2020.07.21"]
[EventType "tourn"]
[EventCountry "GEO"]
[SourceTitle "playchess.com"]
[Source "ChessBase"]
[SourceQuality "1"]
[TimeControl "5400+30"]

1. e4 e5 2. Nf3 Nc6 3. Bb5 a6 4. Ba4 Nf6 5. Qe2 b5 6. Bb3 Bc5 7. c3 d6 8. h3 Be6 9. O-O O-O 10. Rd1 Re8 11. d3 h6 12. Nbd2 d5 13. a4 Bb6 14. Nf1 d4 15. Bxe6 Rxe6 16. Ng3 Nd7 17. Nf5 Bc5 18. cxd4 exd4 19. Bf4 Rb8 20. axb5 axb5 21. Rdc1 Bb6 22. b4 Nf8 23. Qd2 Rc8 24. Ra6 Kh7 25. Bxh6 gxh6 26. Nxh6 Rxh6 27. Ng5+ Kg7 28. Nxf7 Kxf7 29. Qxh6 Ne7 30. Qh5+ Kg7 31. Qe5+ Kf7 32. Qxb5 Qd6 33. f4 Nd7 34. Qh5+ Qg6 35. Qb5 Qd6 36. Qh5+ Qg6 37. Qb5 1/2-1/2

[Event "77th GEO-ch Women 2020"]
[Site "Tbilisi"]
[Date "2020.07.25"]
[Round "5.2"]
[White "Khukhashvili, Sopiko"]
[Black "Tsotsonava, Elene"]
[Result "1-0"]
[ECO "A06"]
[WhiteElo "2339"]
[BlackElo "2012"]
[Annotator "ChessBase"]
[PlyCount "51"]
[EventDate "2020.07.21"]
[EventType "tourn"]
[EventCountry "GEO"]
[SourceTitle "playchess.com"]
[Source "ChessBase"]
[SourceQuality "1"]
[TimeControl "5400+30"]

1. Nf3 d5 2. b3 Nf6 3. Bb2 e6 4. d3 c5 5. e3 Nc6 6. Nbd2 Be7 7. Be2 O-O 8. a3 b5 9. c4 bxc4 10. dxc4 Rb8 11. Qc2 a5 12. O-O Ba6 13. Rfd1 Qb6 14. Rab1 Rfd8 15. Ba1 d4 16. exd4 cxd4 17. Ne4 Nxe4 18. Qxe4 Bxa3 19. Ng5 h6 20. Qh7+ Kf8 21. Nxf7 Kxf7 22. Bh5+ Ke7 23. Qxg7+ Kd6 24. Bxd4 Nxd4 25. Rxd4+ Kc5 26. b4+ 1-0

[Event "77th GEO-ch Women 2020"]
[Site "Tbilisi"]
[Date "2020.07.25"]
[Round "5.3"]
[White "Batsiashvili, Nino"]
[Black "Vakhania, Alexsandra"]
[Result "1-0"]
[ECO "C11"]
[WhiteElo "2457"]
[BlackElo "2138"]
[Annotator "ChessBase"]
[PlyCount "145"]
[EventDate "2020.07.21"]
[EventType "tourn"]
[EventCountry "GEO"]
[SourceTitle "playchess.com"]
[Source "ChessBase"]
[SourceQuality "1"]
[TimeControl "5400+30"]

1. d4 e6 2. e4 d5 3. Nc3 Nf6 4. e5 Ne4 5. Nce2 f6 6. f3 Ng5 7. exf6 Qxf6 8. f4 Ne4 9. Ng3 Nxg3 10. hxg3 c5 11. Nf3 Nc6 12. Bb5 Bd7 13. Bxc6 Bxc6 14. Be3 O-O-O 15. Qd2 c4 16. O-O-O Bd6 17. Rde1 Be8 18. g4 h6 19. g5 Qf5 20. g3 Bg6 21. Nh4 Qf7 22. gxh6 Be4 23. hxg7 Qxg7 24. Rhg1 Kb8 25. Qc3 Rc8 26. Bd2 Rc6 27. Nf3 Rb6 28. a3 Qd7 29. Ng5 Rc8 30. Nxe4 dxe4 31. Qe3 Bxa3 32. bxa3 c3 33. Bxc3 Rbc6 34. Kd2 Rxc3 35. Qxc3 Rxc3 36. Kxc3 Qc6+ 37. Kd2 Qd5 38. Ke3 Qc4 39. Re2 Kc7 40. Rgg2 Qc3+ 41. Kxe4 Kd6 42. g4 Qc6+ 43. Ke3 Qc3+ 44. Ke4 Qc6+ 45. Ke3 Qc3+ 46. Kf2 Qxd4+ 47. Kf3 Qh8 48. Re3 Qh3+ 49. Kf2 Qh4+ 50. Ke2 Qh1 51. Rf2 Qg1 52. g5 Qg4+ 53. Kd2 b5 54. Re4 a5 55. Rfe2 Kd7 56. Kc3 Qf5 57. Rd4+ Ke7 58. Re5 Qh3+ 59. Kb2 b4 60. axb4 axb4 61. Rxb4 Qg3 62. Rbe4 Kf7 63. Rxe6 Qg2 64. g6+ Kg7 65. f5 Qf1 66. Rb6 Qf2 67. Rb5 Qa7 68. Reb4 Qe3 69. Rd5 Kf6 70. Rbb5 Qa7 71. Rd6+ Kg5 72. g7 Qf7 73. g8=Q+ 1-0

[Event "77th GEO-ch Women 2020"]
[Site "Tbilisi"]
[Date "2020.07.25"]
[Round "5.4"]
[White "Javakhishvili, Lela"]
[Black "Khomeriki, Nino"]
[Result "1-0"]
[ECO "A06"]
[WhiteElo "2475"]
[BlackElo "2319"]
[Annotator "ChessBase"]
[PlyCount "151"]
[EventDate "2020.07.21"]
[EventType "tourn"]
[EventCountry "GEO"]
[SourceTitle "playchess.com"]
[Source "ChessBase"]
[SourceQuality "1"]
[TimeControl "5400+30"]

1. Nf3 d5 2. e3 Nf6 3. c4 e6 4. b3 Bd6 5. Bb2 O-O 6. Nc3 b6 7. Qc2 c5 8. cxd5 exd5 9. d4 Nc6 10. Rd1 cxd4 11. Nxd4 Nxd4 12. Rxd4 Be6 13. Ba6 Be5 14. Rd2 Qc7 15. Ne2 Qxc2 16. Rxc2 Bf5 17. Rd2 Bxb2 18. Rxb2 Bc8 19. Bb5 Rd8 20. Nd4 Bd7 21. Ba6 Bc8 22. Be2 Be6 23. f3 Rac8 24. Kf2 Bd7 25. Rd2 g6 26. Rhd1 Kg7 27. g4 h6 28. h3 a5 29. Bd3 Rc5 30. Ne2 Rdc8 31. a3 R5c7 32. Nd4 Rc3 33. a4 Be8 34. Ke2 Kf8 35. Rc2 Rxc2+ 36. Bxc2 Nd7 37. h4 Nc5 38. Kd2 Ne6 39. Ne2 Ke7 40. Rh1 b5 41. h5 bxa4 42. bxa4 Nc5 43. hxg6 fxg6 44. Rxh6 Kf6 45. Nf4 Kg7 46. g5 Nxa4 47. Bxg6 Bxg6 48. Rxg6+ Kh7 49. Rh6+ Kg7 50. Ra6 Nc5 51. Ra7+ Kg8 52. Nxd5 Rd8 53. e4 Ne6 54. Ke3 Nxg5 55. Nf6+ Kf8 56. Nh7+ Nxh7 57. Rxh7 Rd1 58. Ra7 Ra1 59. Kf4 a4 60. e5 a3 61. Kf5 a2 62. f4 Kg8 63. e6 Kh8 64. Kf6 Rf1 65. Rxa2 Rxf4+ 66. Kg6 Rg4+ 67. Kf7 Rf4+ 68. Ke8 Kg7 69. e7 Re4 70. Rg2+ Kh7 71. Kf7 Rf4+ 72. Ke6 Re4+ 73. Kf6 Re1 74. Rg5 Kh6 75. Re5 Rf1+ 76. Ke6 1-0

[Event "77th GEO-ch Women 2020"]
[Site "Tbilisi"]
[Date "2020.07.25"]
[Round "5.5"]
[White "Arabidze, Meri"]
[Black "Melia, Salome"]
[Result "1-0"]
[ECO "E06"]
[WhiteElo "2428"]
[BlackElo "2370"]
[Annotator "NA"]
[PlyCount "113"]
[EventDate "2020.07.21"]
[EventType "tourn"]
[EventCountry "GEO"]
[SourceTitle "playchess.com"]
[Source "ChessBase"]
[SourceQuality "1"]
[TimeControl "5400+30"]

1. d4 Nf6 2. c4 e6 3. Nf3 d5 4. g3 Be7 5. Bg2 O-O 6. O-O dxc4 7. Qc2 b5 8. a4 b4 9. Nbd2 Bb7 10. Nxc4 c5 11. Rd1 Be4 12. Qb3 Nbd7 13. Bf4 Bd5 14. Nfe5 cxd4 15. Bxd5 exd5 16. Nd2 Nc5 17. Qf3 Rc8 $11 18. Nb3 d3 19. Nd4 dxe2 20. Qxe2 Re8 21. Qb5 Qb6 22. Nec6 Bf8 23. Nxb4 Ne6 24. Qxb6 axb6 25. Nbc6 Nxf4 26. gxf4 Bd6 27. b4 Bxf4 28. a5 bxa5 29. bxa5 Nd7 30. a6 Nb6 31. a7 Na8 32. Rdb1 Kf8 33. Rb7 g6 34. Rab1 Bd6 35. Rd7 Bf4 36. Rxd5 Bc7 37. Rdb5 h5 38. Kg2 Kg7 39. Rb7 Kf8 40. R1b3 Re4 41. Rb8 Ree8 42. R3b7 Bd6 43. Rb5 Bc7 44. h3 Bd6 45. Kf3 Bc7 46. Kg2 Bd6 47. Rxc8 Rxc8 48. Rb8 Re8 49. Nd8 Nc7 50. Rc8 Bc5 51. Rxc7 Bxa7 52. Rxf7+ Kg8 53. Rxa7 Rxd8 54. Ne6 Re8 55. Rg7+ Kh8 56. Rxg6 Kh7 57. Rf6 1-0

[Event "77th GEO-ch Women 2020"]
[Site "Tbilisi"]
[Date "2020.07.28"]
[Round "7.4"]
[White "Arabidze, Meri"]
[Black "Vakhania, Alexsandra"]
[Result "1-0"]
[ECO "A90"]
[WhiteElo "2428"]
[BlackElo "2138"]
[Annotator "ChessBase"]
[PlyCount "109"]
[EventDate "2020.07.21"]
[EventType "tourn"]
[EventCountry "GEO"]
[SourceTitle "playchess.com"]
[Source "ChessBase"]
[SourceQuality "1"]
[TimeControl "5400+30"]

1. c4 f5 2. d4 e6 3. g3 Nf6 4. Bg2 d5 5. Nh3 c6 6. O-O Bd6 7. Bf4 O-O 8. Nd2 h6 9. Bxd6 Qxd6 10. Nf4 g5 11. Ng6 Rf7 12. Ne5 Rg7 13. Rb1 Bd7 14. b4 Be8 15. a4 Nbd7 16. Nxd7 Bxd7 17. b5 Rf8 18. Qc2 Be8 19. bxc6 Bxc6 20. cxd5 Bxd5 21. Bxd5 Qxd5 22. e3 f4 23. Rb5 Qd7 24. Qb3 Ng4 25. exf4 gxf4 26. Ne4 fxg3 27. hxg3 Qxd4 28. Qxe6+ Kh8 29. Rf5 Rfg8 30. Rf4 Rg6 31. Qe7 Qe5 32. Qxb7 Rb6 33. Qxa7 Rb4 34. Re1 Rg7 35. Qa8+ Rb8 36. Rf8+ Rxf8 37. Qxf8+ Kh7 38. Qc5 Qb8 39. Qf5+ Kh8 40. Rc1 Rg8 41. Nf6 Nxf6 42. Qxf6+ Kh7 43. Qf7+ Kh8 44. Rc7 Qb1+ 45. Kh2 Qg6 46. Qxg6 Rxg6 47. Ra7 Rc6 48. a5 Rc2 49. Kg2 Ra2 50. a6 Kg8 51. Kf3 Ra4 52. g4 Kh8 53. Kg3 Kg8 54. Kh4 Rf4 55. Rb7 1-0

[Event "77th GEO-ch Women 2020"]
[Site "Tbilisi"]
[Date "2020.07.28"]
[Round "7.5"]
[White "Melia, Salome"]
[Black "Khomeriki, Nino"]
[Result "1-0"]
[ECO "B31"]
[WhiteElo "2370"]
[BlackElo "2319"]
[Annotator "ChessBase"]
[PlyCount "65"]
[EventDate "2020.07.21"]
[EventType "tourn"]
[EventCountry "GEO"]
[SourceTitle "playchess.com"]
[Source "ChessBase"]
[SourceQuality "1"]
[TimeControl "5400+30"]

1. e4 c5 2. Nf3 Nc6 3. Bb5 g6 4. Bxc6 bxc6 5. O-O Bg7 6. Re1 Qc7 7. c3 d6 8. h3 Nf6 9. d4 cxd4 10. cxd4 O-O 11. Nc3 c5 12. dxc5 dxc5 13. Bg5 Rd8 14. Qc1 Be6 15. Bh6 Rac8 16. Bxg7 Kxg7 17. Qe3 Qb6 18. Rab1 h6 19. Qf4 c4 20. e5 Nd5 21. Qh4 g5 22. Nxg5 hxg5 23. Qxg5+ Kf8 24. Rbd1 Qxb2 25. Qh6+ Ke8 26. Nxd5 Kd7 27. Nb6+ Kc7 28. Nxc8 Rxc8 29. Qe3 Qb6 30. Qa3 Re8 31. Rb1 Qd4 32. Qa5+ Kc8 33. Qa6+ 1-0